 Dungeon Crawl Stone Soup version 0.26.1-11-gd32895ea62 (webtiles) character file.

Game seed: 13069927456681676246

98 Mysteryquy the Skirmisher (level 4, 0/40 HPs)
             Began as a Palentonga Fighter on July 10, 2021.
             Succumbed to a scorpion's poison
             ... on level 2 of the Dungeon.
             The game lasted 00:01:41 (1202 turns).

Mysteryquy the Skirmisher (Palentonga Fighter)      Turns: 1202, Time: 00:01:41

Health: 0/40       AC:  6    Str: 20    XL:     4   Next: 44%
Magic:  4/4        EV:  5    Int:  8    God:
Gold:   57         SH:  9    Dex: 10    Spells: 3/3 levels left

rFire    . . .     SeeInvis +   a - +0 long sword
rCold    . . .     Faith    .   c - +0 kite shield
rNeg     . . .     Spirit   .   b - +0 scale mail
rPois    .         Reflect  .   (no helmet)
rElec    .         Harm     .   (no cloak)
rCorr    .         Rampage  .   (no gloves)
Will     .....                  (no barding)
Stlth    ..........             (no amulet)
HPRegen  0.13/turn              (no ring)
MPRegen  0.09/turn              (no ring)

@: lethally poisoned (0 -> -11)
A: large, rugged brown scales 3, see invisible, deformed body, roll 1, armoured
tail
a: Rolling Charge


You were on level 2 of the Dungeon.
You visited 1 branch of the dungeon, and saw 2 of its levels.

You collected 57 gold pieces.

Inventory:

Hand Weapons
 a - a +0 long sword (weapon)
Armour
 b - a +0 scale mail (worn)
 c - a +0 kite shield (worn)
Jewellery
 h - an uncursed ring of resist corrosion {unknown}
 i - an uncursed ring of resist corrosion {unknown}
Scrolls
 e - 4 scrolls of identify {unknown}
 f - 2 scrolls of enchant weapon {unknown}
 g - a scroll of random uselessness {unknown}
Potions
 d - 2 potions of might


   Skills:
 + Level 3.4 Fighting
 + Level 2.9 Long Blades
 + Level 3.1 Armour
 + Level 0.2 Dodging
 + Level 3.0 Shields


You had 3 spell levels left.
You didn't know any spells.
Your spell library was empty.

Dungeon Overview and Level Annotations

Branches:
Dungeon (2/15)

Altars:


Innate Abilities, Weirdness & Mutations

You are completely covered in rugged brown scales. (AC +3, +7% HP)
You have supernaturally acute eyesight. (SInv)
Armour fits poorly on your strangely shaped body.
You can roll at nearby foes to attack.
You have a long armoured tail.


Message History

You closely miss the scorpion.
The scorpion is severely wounded.
* * * LOW HITPOINT WARNING * * *
You feel very sick. The scorpion stings you.
* * * LOW HITPOINT WARNING * * *
You hit the scorpion.
You kill the scorpion!
* * * LOW HITPOINT WARNING * * *
You feel sick.
Your Armour skill increases to level 3!
Your Shields skill increases to level 3!
You have reached level 4!
You feel agile.
It was a potion of cancellation.
You feel magically purged.
* * * LOW HITPOINT WARNING * * *
You feel sick.
* * * LOW HITPOINT WARNING * * *
You feel sick.
You die...

#.#.#############
†.............<.#
#.#...#########.#####
.......# #.......#
#.#...## #.#.###.#
#.##.## #.#..# ..##.#
# ##.# ####.# # #.# #
#+# #.##@##.#
#.......# ####.####
#.# ..# ...# ....#
##.... #.###


There were no monsters in sight!

Vanquished Creatures
  A scorpion (D:2)
  A gnoll (D:1)
  2 oozes (D:1)
  A dart slug (D:1)
  A leopard gecko (D:1)
  A giant cockroach (D:1)
  4 goblins (D:1)
  4 hobgoblins (D:1)
  2 ball pythons
  3 bats (D:1)
  3 frilled lizards (D:1)
  2 kobolds (D:1)
  9 rats (D:1)
34 creatures vanquished.

Vanquished Creatures (others)
  3 fungi (D:2)
  5 plants (D:2)
8 creatures vanquished.

Grand Total: 42 creatures vanquished

Notes
Turn   | Place    | Note
-------+----------+-------------------------------------------
     0 | D:1      | Mysteryquy the Palentonga Fighter began the quest for the
                  | Orb.
     0 | D:1      | Reached XP level 1. HP: 20/20 MP: 1/1
   229 | D:1      | Reached XP level 2. HP: 27/27 MP: 2/2
   534 | D:1      | Reached XP level 3. HP: 28/33 MP: 3/3
  1188 | D:2      | Noticed a scorpion
  1199 | D:2      | Killed a scorpion
  1200 | D:2      | Reached XP level 4. HP: 3/40 MP: 4/4
  1200 | D:2      | HP: 2/40 [poisoned by a scorpion]
  1202 | D:2      | Succumbed to a scorpion's poison

Illustrated notes

Levels and vault maps discovered:
D:1:      ncdulo_watergridlock, layout_basic
D:2:      layout_loops_corners, grunt_temple_overflow_forces_of_nature,
          nicolae_overflow_hidden_temple, minmay_pentomino_z4, uniq_sigmund

Skill      XL: |  1  2  3 |
---------------+----------+-----
Armour         | 3 |  3.1
Shields        | 3 |  3.0
Fighting       | |  3.4
Long Blades    | |  2.9
Dodging        | |  0.2

Action                   |  1- 3 |  4- 6 || total
-------------------------+-------+-------++-------
Melee: Long sword        |    91 |       ||    91
       Tailslap          |    12 |       ||    12
 Abil: Rolling Charge    |     2 |       ||     2
  Use: Potion            |       |     1 ||     1
Armor: Scale mail        |    42 |       ||    42
Dodge: Dodged            |    21 |       ||    21
Block: Kite shield       |    45 |       ||    45
       Rpst.: Long sword |     7 |       ||     7
